 Dungeon Crawl Stone Soup version 0.26-a0-950-g52035dc9a5 (webtiles) character file.

Game seed: 18314766100773998839

202 KristoblXynda the Sneak (level 5, -4/24 HPs)
             Began as a Spriggan Enchanter on Nov 29, 2020.
             Slain by an orc
             ... wielding a cursed +0 hand axe
              (8 damage)
             ... on level 4 of the Dungeon.
             The game lasted 00:05:44 (3730 turns).

KristoblXynda the Sneak (Spriggan Enchanter)        Turns: 3730, Time: 00:05:46

Health: -4/24      AC:  2    Str:  5    XL:     5   Next: 50%
Magic:  12/12      EV: 18    Int: 16    God:
Gold:   120        SH:  0    Dex: 17    Spells: 6/12 levels left

rFire    . . .     SeeInvis +   d - +2 short sword (venom)
rCold    . . .     Faith    .   (shield restricted)
rNeg     . . .     Spirit   .   b - +0 robe
rPois    .         Reflect  .   (helmet restricted)
rElec    .         Harm     .   (no cloak)
rCorr    .         Rampage  .   (gloves unavailable)
MR       .....                  (boots unavailable)
Stlth    +++.......             (no amulet)
HPRegen  0.08/turn              j - ring of wizardry (curse)
MPRegen  0.13/turn              a - ring of wizardry

@: very quick
A: very small, unfitting armour, see invisible, speed 3
a: no special abilities


You were on level 4 of the Dungeon.
You visited 1 branch of the dungeon, and saw 4 of its levels.

You collected 120 gold pieces.

Inventory:

Hand Weapons
 d - a +2 short sword of venom (weapon)
 q - a +3 dagger
Armour
 b - a +0 robe (worn)
Jewellery
 a - a ring of wizardry (right hand)
 c - an uncursed amulet of magic regeneration
 h - an uncursed amulet of magic regeneration
 j - a cursed ring of wizardry (left hand)
Scrolls
 f - a scroll of enchant weapon {unknown}
 g - a scroll of teleportation
 l - a scroll of amnesia {unknown}
 o - a scroll of blinking
 r - a scroll of fog {unknown}
 s - a scroll of fear {unknown}
 t - a scroll of immolation {unknown}
Potions
 e - 2 potions of lignification
 i - a potion of haste {unknown}
 m - a potion of degeneration {unknown}
 n - a potion of cancellation {unknown}
 p - a potion of resistance {unknown}


   Skills:
 + Level 2.2 Short Blades
 - Level 3.0 Dodging
 + Level 6.4 Stealth
 + Level 4.4 Spellcasting
 + Level 5.0 Hexes


You had 6 spell levels left.
You knew the following spells:

 Your Spells              Type           Power        Failure   Level
a - Corona                Hex            ###....      1%          1
b - Ensorcelled Hibernat  Hex/Ice        ##....       2%          2
c - Tukima's Dance        Hex            ###.....     1%          3

Your spell library contained the following spells:

 Spells                   Type           Power        Failure   Level
 Confusing Touch          Hex            ###.....     1%          3
 Dazzling Flash           Conj/Hex       ##....       4%          3


Dungeon Overview and Level Annotations

Branches:
Dungeon (4/15)
 Temple: D:4-7

Altars:
Makhleb
Okawaru

Annotations:
D:3 thewurscht's ghost, amateur GrFi


Innate Abilities, Weirdness & Mutations

You are very small and have problems with some larger weapons.
You are too small for most types of armour.
You have supernaturally acute eyesight. (SInv)
You cover ground extremely quickly.


Message History

The orc shouts!
You hit the orc wizard but do no damage.
The orc wizard misses you.
The orc priest casts a cantrip, but nothing happens.
The orc wizard gestures at you while chanting.
The magic dart hits you.
The orc priest looks satisfied for a moment.
You barely miss the orc wizard.
The orc wizard gestures wildly while chanting.
The orc wizard blinks!
The orc wizard casts a spell.
The orc wizard blinks!
The orc misses you.
You hit the orc.
The orc is poisoned.
The orc is heavily wounded.
The orc priest invokes the aid of Beogh against you.
Beogh smites you!
Ouch! That really hurt!
* * * LOW HITPOINT WARNING * * *
The orc hits you with a cursed +0 hand axe!
You die...

#########......# #...#
######.# #...# #.###...####
#..........# #..........#
#### #..........######
####...###.#..............
...$....##.#ยง#...#########
.......oo@.o(....### ##
.....>)o##.#.##.#)..... ..
##.(....##.####.#.##### #.
#.####o##.# #.#.##### #. #
.o!#.####.......# #.
..o.............# #.
#...##.#####.###.# #. ##.##
.# #.###.###. .# #....#....


You could see an orc priest, an orc wizard and 2 orcs.

Vanquished Creatures
  An orc priest (D:3)
  An orc wizard (D:3)
  Robin (D:2)
  3 adders
  An ufetubus (D:4)
  A worm (D:2)
  2 dart slugs
  2 leopard geckos (D:1)
  6 orcs
  3 giant cockroaches
  19 goblins
  11 hobgoblins
  A jackal (D:3)
  6 kobolds
  3 quokkas
  9 bats
  7 frilled lizards
  A giant cockroach zombie (D:3)
  8 rats
86 creatures vanquished.

Notes
Turn   | Place    | Note
-------+----------+-------------------------------------------
     0 | D:1      | KristoblXynda the Spriggan Enchanter began the quest for
                  | the Orb.
     0 | D:1      | Reached XP level 1. HP: 9/9 MP: 5/5
   173 | D:1      | Reached XP level 2. HP: 13/13 MP: 7/7
   404 | D:1      | Learned a level 2 spell: Ensorcelled Hibernation
   659 | D:1      | Reached skill level 5 in Stealth
  1205 | D:2      | Reached XP level 3. HP: 15/16 MP: 8/8
  1510 | D:2      | Learned a level 3 spell: Tukima's Dance
  1511 | D:2      | Noticed Robin
  1536 | D:2      | Killed Robin
  1733 | D:2      | Reached XP level 4. HP: 11/21 MP: 10/10
  1931 | D:2      | Found an iron altar of Okawaru.
  2384 | D:3      | Found a burning altar of Makhleb.
  2639 | D:3      | HP: 1/21 [poisoned by an adder]
  2646 | D:3      | HP: 1/21 [poisoned by an adder]
  2854 | D:3      | Reached skill level 6 in Stealth
  2908 | D:3      | Noticed thewurscht's ghost (amateur GrFi)
  2979 | D:3      | Found a transporter.
  2982 | D:3      | Found a transporter.
  3014 | D:3      | Reached XP level 5. HP: 9/24 MP: 4/12
  3019 | D:3      | Reached skill level 5 in Hexes
  3730 | D:4      | Slain by an orc

Illustrated notes

Levels and vault maps discovered:
D:1:      dpeg_arrival_shrine, layout_loops_corners, minivault_23, hex_large,
          minmay_tetromino_o2
D:2:      layout_rooms, okawaru_trees_2, serial_corexii_hall,
          corexii_hall_statues_i, corexii_hall_statues_t, uniq_robin
D:3:      layout_loops_ring, lemuel_round_altar, gammafunk_ghost_arena,
          st_stairs_12, grunt_ministairs_12
D:4:      layout_loops_ring, chequers_ossuary_entry_cave, led_sif_pool

Skill      XL: |  1  2  3  4  5 |
---------------+----------------+-----
Spellcasting   | 3 4 |  4.4
Hexes          | 4 5 |  5.0
Stealth        | 5 6 |  6.4
Short Blades   | 2 |  2.2
Dodging        | |  3.0

Action                   |  1- 3 |  4- 6 || total
-------------------------+-------+-------++-------
Melee: Dagger            |     6 |       ||     6
       Short sword       |    67 |   100 ||   167
 Cast: Ensorcelled Hiber |     4 |     7 ||    11
  Use: Scroll            |       |     5 ||     5
       Potion            |       |     2 ||     2
 Stab: Sleeping          |    15 |    11 ||    26
Armor: Robe              |     2 |    12 ||    14
Dodge: Dodged            |    48 |    71 ||   119

Table legend: (Time is in decaauts)
 A = Elapsed time spent in this place.
 B = Non-inter-level travel time spent in this place.
 C = Inter-level travel time spent in this place.
 D = Time resting spent in this place.
 E = Time spent auto-exploring this place.
 F = Levels seen in this place.
 G = Mean time per level.
                   A        B        C        D        E       F      G
               +--------+--------+--------+--------+--------+-----+--------+
         Total |   2942 |   2912 |     30 |    997 |   1339 |   4 |  735.5 |
       Dungeon |   2942 |   2912 |     30 |    997 |   1339 |   4 |  735.5 |
               +--------+--------+--------+--------+--------+-----+--------+

Top non-repeatable levels by time:
     D:3: 1090 daAuts
     D:2: 914 daAuts
     D:1: 831 daAuts
     D:4: 106 daAuts
